 Dungeon Crawl Stone Soup version 0.32-a0-913-g739538afd8 (webtiles) character file.

Game seed: 5506357995800797064

2979 Biggs the Grappler (level 9, -19/61 HPs)
             Began as an Octopode Shapeshifter on Apr 8, 2024.
             Was a Believer of Wu Jian.
             Demolished by an orc knight
             ... wielding a +0 glaive
              (34 damage)
             ... in a bailey.
             The game lasted 00:16:36 (5906 turns).

Biggs the Grappler (Octopode Shapeshifter)          Turns: 5906, Time: 00:16:37

Health: -19/61     AC:  1    Str: 18    XL:     9   Next: 82%
Magic:  9/9        EV: 23    Int: 12    God:    Wu Jian [**....]
Gold:   337        SH:  5    Dex: 11    Spells: 8/8 levels left

rFire   . .          .
                       - Unarmed
rCold   + . .        (shield currently unavailable)
rNeg    + . .        (helmet restricted)
rPois   .            r - amulet of reflection
rElec   .            d - ring of protection from cold
rCorr   .            j - +5 ring of evasion
SInv    .            m - ring of positive energy
Will    .....        (no ring)
Stlth   +            (no ring)
HPRegen 0.30/turn    (no ring)
MPRegen 0.11/turn    (no ring)
                     (no ring)

%: reflection
@: flux-form, glowing
A: glow, contaminating, almost no armour, amphibious, 8 rings, camouflage 1,
gelatinous body 1, (nimble swimmer 1), tentacles
a: Begin Untransformation, Renounce Religion, Wall Jump


You were in a bailey.
You worshipped Wu Jian.
Wu Jian was pleased with you.
You were something dangerously unstable.
You visited 2 branches of the dungeon, and saw 8 of its levels.
You also visited: Bailey.

You collected 337 gold pieces.

Inventory:

Jewellery
 d - a ring of protection from cold (left tentacle)
 j - a +5 ring of evasion (right tentacle)
 m - a ring of positive energy (on tentacle)
 r - an amulet of reflection (around mantle)
Talismans
 b - a beast talisman
 c - a flux talisman (active)
Wands
 s - a wand of digging (6)
Scrolls
 e - 2 scrolls of amnesia
 i - a scroll of poison {unknown}
 n - 2 scrolls of teleportation
 p - 2 scrolls of immolation
 q - a scroll of enchant armour
 v - a scroll of torment {unknown}
Potions
 a - a potion of lignification
 f - 2 potions of attraction {unknown}
 g - a potion of curing {unknown}
 h - 5 potions of haste {unknown}
 l - a potion of ambrosia {unknown}
 o - a potion of magic {unknown}
 t - a potion of might {unknown}
 u - a potion of brilliance {unknown}
 w - 4 potions of invisibility {unknown}
 x - 2 potions of mutation {unknown}
 z - a potion of heal wounds {unknown}


   Skills:
 - Level 5.0 Fighting
 - Level 6.0 Dodging
 + Level 9.1 Unarmed Combat
 - Level 7.0 Shapeshifting


You had 8 spell levels left.
You didn't know any spells.
Your spell library contained the following spells:

 Spells                   Type           Power      Damage    Failure   Level
 Shock                    Conj/Air       0%         1d3       32%         1
 Inner Flame              Hex/Fire       0%         N/A       69%         3
 Swiftness                Air            0%         N/A       69%         3
 Airstrike                Air            0%         2d(0-16)  97%         4
 Flame Wave               Conj/Fire      0%         2d4       97%         4
 Sticky Flame             Fire/Alch      0%         2d4       97%         4


Dungeon Overview and Level Annotations

Branches:
Dungeon (7/15)             Temple (1/1) D:4          Bailey (1/1)

Altars:
Ashenzari
Cheibriados
Dithmenos
Gozag
Hepliaklqana
Kikubaaqudgha
Makhleb
Nemelex Xobeh
Okawaru
Qazlal
Sif Muna
Uskayaw
Vehumet
Wu Jian
Xom
Yredelemnul
Zin
The Shining One

Annotations:
D:4 1 runed translucent door, Crazy Yiuf, Duvessa


Innate Abilities, Weirdness & Mutations

You are something dangerously unstable.
You glow with magical radiation, making you easy to see and hit.
Foes you strike become dangerously contaminated with magical radiation.
You are incapable of wielding weapons or throwing items.
You cannot wear most types of armour.
You are amphibious.
You can wear up to eight rings at the same time.
Your skin changes colour to match your surroundings (Stealth+).
Your rubbery body absorbs attacks. (AC +1, EV +1)
((You are camouflaged when in or above water. (Stealth+)))
You have tentacles for arms and can constrict up to eight enemies at once.


Message History

You kill the orc warrior!
The Council accepts your kill.
Training target 5.0 for Fighting reached!
Your Fighting skill increases to level 5!
You need to enable at least one skill for training.
Okay, then.
The orc knight roars a battlecry!
You hear a shout!
There is an open gate here.
There is an open gate here.
The orc knight shouts!
You see here a +0 halberd.
As you read the scroll of teleportation, it crumbles to dust.
You feel strangely unstable.
Your surroundings suddenly seem different.
An orc and 3 orc knights come into view.
Found three items.
The orc knight shouts!
The orc shouts!
The orc knight roars a battlecry!
The orcs go into a battle-frenzy!
The orc knight roars a battlecry!
The orc knight goes into a battle-frenzy!
The orc knight shouts!
Found 2 scrolls of summoning and a scroll of acquirement.
An orc comes into view. It is wielding a +0 war axe.
Found a scroll of enchant armour and 2 scrolls of summoning.
The orc shouts!
The orc misses you.
As you read the scroll of teleportation, it crumbles to dust.
You feel strangely unstable. The orc knight barely misses you.
The orc closely misses you.
The orc knight roars a battlecry!
The orc goes into a battle-frenzy!
The orc knight hits you from afar with a +0 glaive!!
* * * LOW HITPOINT WARNING * * *
Found a gate leading back out of this place.
Your surroundings seem slightly different.
The orc knight hits you with a +0 glaive!!
Ouch! That really hurt!
You die...

############ ####### #
#÷.........###.....#########
............'.......#.....#.
..???..§...p'....#..'.....'.
∩.???.....o.o.).....'.....'.
..???oo....o'....#..'.)...'.
............'.......#.....#.
#÷.........###.....#########
############ ####### #


You could see 3 orc knights and 2 orcs.

Vanquished Creatures
  Eustachio (D:4)
  2 steam dragons
  A water moccasin (D:7)
  5 orc warriors (Bailey)
  2 black bears
  3 sky beasts
  An ice beast (D:6)
  2 kobold brigands (D:6)
  2 phantoms (D:5)
  A gnoll sergeant (D:6)
  2 bullfrogs (D:7)
  2 scorpions (D:5)
  A vampire bat (D:6)
  A howler monkey (D:5)
  2 bombardier beetles
  6 hounds
  2 jellies
  An orc priest (D:5)
  2 sleepcaps
  An iguana (D:5)
  3 orc wizards
  12 adders
  4 gnolls
  A shadow imp (D:5)
  4 ufetubi
  5 dart slugs
  A ribbon worm (D:2)
  36 orcs
  10 ball pythons
  5 bats
  2 bat skeletons (D:6)
  3 bat zombies (D:6)
  6 endoplasms
  4 giant cockroaches
  6 goblins
  5 hobgoblins
  13 kobolds
  6 quokkas
  3 frilled lizards
  2 rats
171 creatures vanquished.

Notes
Turn   | Place    | Note
-------+----------+-------------------------------------------
     0 | D:1      | Biggs the Octopode Shapeshifter began the quest for the
                  | Orb.
     0 | D:1      | Reached XP level 1. HP: 13/13 MP: 1/1
     1 | D:1      | Found a shimmering blue altar of Sif Muna.
   106 | D:1      | Reached XP level 2. HP: 16/18 MP: 2/2
   284 | D:1      | Reached skill level 4 in Unarmed Combat
   321 | D:1      | Reached XP level 3. HP: 19/23 MP: 3/3
  1003 | D:2      | Reached XP level 4. HP: 28/28 MP: 4/4
  1278 | D:2      | Reached skill level 5 in Unarmed Combat
  2154 | D:3      | Reached XP level 5. HP: 33/33 MP: 5/5
  2335 | D:4      | Noticed Eustachio
  2449 | D:4      | Killed Eustachio
  2450 | D:4      | Reached skill level 5 in Shapeshifting
  2450 | D:4      | Reached XP level 6. HP: 14/38 MP: 6/6
  2847 | D:4      | Found a staircase to the Ecumenical Temple.
  2862 | Temple   | Entered the Ecumenical Temple
  2870 | Temple   | Became a worshipper of the Wu Jian Council
  2973 | D:4      | Noticed Duvessa
  3086 | D:4      | Found a runed translucent door.
  3087 | D:4      | Noticed Crazy Yiuf
  3135 | D:5      | Entered Level 5 of the Dungeon
  3171 | D:5      | Reached XP level 7. HP: 43/43 MP: 7/7
  3691 | D:5      | Reached XP level 8. HP: 38/52 MP: 8/8
  3834 | D:5      | Reached * piety under Wu Jian
  3840 | D:5      | Reached skill level 6 in Unarmed Combat
  3980 | D:5      | Found a shadowy altar of Dithmenos.
  4031 | D:6      | Found a stormy altar of Qazlal.
  4067 | D:6      | Reached skill level 7 in Unarmed Combat
  4229 | D:6      | Reached skill level 8 in Unarmed Combat
  4470 | D:6      | Found an ancient bone altar of Kikubaaqudgha.
  4506 | D:6      | Reached XP level 9. HP: 50/56 MP: 9/9
  4867 | D:6      | Reached ** piety under Wu Jian
  4992 | D:6      | Reached skill level 5 in Dodging
  5407 | D:7      | Found a flagged portal.
  5416 | Bailey   | Entered a bailey
  5435 | Bailey   | Reached skill level 9 in Unarmed Combat
  5844 | Bailey   | Noticed an orc knight
  5877 | Bailey   | Noticed an orc knight
  5880 | Bailey   | Reached skill level 5 in Fighting
  5901 | Bailey   | Noticed an orc knight
  5901 | Bailey   | Noticed an orc knight
  5901 | Bailey   | Noticed an orc knight
  5906 | Bailey   | Demolished by an orc knight

Illustrated notes

Levels and vault maps discovered:
D:1:      sevenhm_arrival_forest_fort_small_6, layout_loops_ring
D:2:      layout_basic
D:3:      layout_loops_cross
D:4:      layout_basic, minmay_temple_entry_water_ring, item_on_display_a,
          uniq_eustachio, uniq_duvessa, uniq_crazy_yiuf_cottage
D:5:      nicolae_cairo_tiling, layout_loops_cross, grunt_dithmenos_shadows
D:6:      layout_rooms, mainiacjoe_overflow_concentric_impassable,
          kennysheep_vampire_church, small_statue_intersection
D:7:      layout_cave_pools, elyvilon_altar_3, enter_bailey_3,
          kennysheep_small_circle
Temple:   nicolae_temple_two_arcs
Bailey:   bailey_polearm_5, bailey

Skill      XL: |  1  2  3  4  5  6  7  8  9 |
---------------+----------------------------+-----
Unarmed Combat | 4 5 8 9 |  9.1
Shapeshifting  | 5 6 7 |  7.0
Fighting       | 3 5 |  5.0
Dodging        | 3 6 |  6.0

Action                     |  1- 3 |  4- 6 |  7- 9 || total
---------------------------+-------+-------+-------++-------
  Melee: Unarmed           |    52 |    88 |   256 ||   396
         Constrict         |    16 |    21 |    69 ||   106
         Tentacles         |     9 |    15 |    68 ||    92
         Punch             |     1 |     3 |     2 ||     6
Ability: Lunge             |       |     1 |    30 ||    31
         Whirlwind         |       |       |    13 ||    13
    Use: Scroll            |       |       |    10 ||    10
   Stab: Sleeping          |    10 |     4 |       ||    14
 Armour: Skin              |    16 |    35 |    72 ||   123
  Dodge: Dodged            |    20 |    42 |   170 ||   232
  Block: Other             |       |       |    42 ||    42
   Form: Flux              |       |       |     1 ||     1

Table legend: (Time is in decaauts)
 A = Elapsed time spent in this place.
 B = Non-inter-level travel time spent in this place.
 C = Inter-level travel time spent in this place.
 D = Time resting spent in this place.
 E = Time spent auto-exploring this place.
 F = Levels seen in this place.
 G = Mean time per level.
                   A        B        C        D        E       F      G
               +--------+--------+--------+--------+--------+-----+--------+
         Total |   5867 |   5662 |    205 |    787 |   3483 |   9 |  651.9 |
       Dungeon |   5363 |   5165 |    198 |    564 |   3479 |   7 |  766.1 |
        Temple |     16 |      9 |      7 |      0 |      0 |   1 |   16.0 |
        Bailey |    486 |    486 |      0 |    223 |      4 |   1 |  486.0 |
               +--------+--------+--------+--------+--------+-----+--------+

Top non-repeatable levels by time:
     D:6: 1048 daAuts
     D:5: 999 daAuts
     D:2: 963 daAuts
     D:3: 834 daAuts
     D:1: 666 daAuts
     D:4: 643 daAuts
  Bailey: 486 daAuts
     D:7: 209 daAuts
  Temple: 16 daAuts
